 Dungeon Crawl Stone Soup version 0.27.1-3-gb3d3a73c9e (webtiles) character file.

Game seed: 10749957535861826052

75 ders the Skirmisher (level 4, -7/30 HPs)
             Began as a Gargoyle Berserker on Oct 30, 2021.
             Was a Believer of Trog.
             Mangled by a gnoll (8 damage)
             ... on level 2 of the Dungeon.
             The game lasted 00:02:22 (1835 turns).

ders the Skirmisher (Gargoyle Berserker)            Turns: 1835, Time: 00:02:22

Health: -7/30      AC:  5    Str: 22    XL:     4   Next: 31%
Magic:  4/4        EV: 11    Int:  7    God:    Trog [**....]
Gold:   40         SH:  0    Dex:  9    Spells: 3/3 levels left

rFire    . . .     SeeInvis .   a - +0 mace
rCold    . . .     Faith    .   (no shield)
rNeg     + . .     Spirit   .   b - +0 animal skin
rPois    ∞         Reflect  .   (no helmet)
rElec    +         Harm     .   (no cloak)
rCorr    .         Rampage  .   (no gloves)
Will     .....                  (no boots)
Stlth    +.........             (no amulet)
HPRegen  0.10/turn              (no ring)
MPRegen  0.09/turn              (no ring)

@: on berserk cooldown, slowed, very slow
A: sickness immunity, AC +3, negative energy resistance 1, electricity
resistance, torment resistance 1, petrification resistance
a: Renounce Religion, Berserk, Trog's Hand


You were on level 2 of the Dungeon.
You worshipped Trog.
Trog was pleased with you.
You visited 1 branch of the dungeon, and saw 2 of its levels.

You collected 40 gold pieces.

Inventory:

Hand Weapons
 a - a +0 mace (weapon)
Missiles
 g - a throwing net (quivered)
Armour
 b - a +0 animal skin (worn)
Scrolls
 c - a scroll of noise {unknown}
 f - a scroll of magic mapping {unknown}
 h - a scroll of enchant armour {unknown}
Potions
 d - a potion of haste {unknown}
 e - a potion of curing {unknown}


   Skills:
 * Level 4.5 Fighting
 * Level 4.1 Maces & Flails
 - Level 2.1 Armour
 - Level 1.5 Dodging
 + Level 0.1 Stealth


You had 3 spell levels left.
You didn't know any spells.
Your spell library was empty.

Dungeon Overview and Level Annotations

Branches:
Dungeon (2/15)

Altars:


Innate Abilities, Weirdness & Mutations

You are immune to sickness and miasma.
Your stone body is resilient. (AC +3)
You are immune to poison.
You resist negative energy. (rN+)
You are resistant to electric shocks. (rElec)
You are resistant to unholy torment.
You are immune to petrification.


Message History

You thump the gnoll!
You kill the gnoll!
Trog accepts your kill. The gnoll closely misses you.
You thump the gnoll!
You kill the gnoll!
Trog accepts your kill.
The gnoll hits you from afar with a +0 spear!
Your Maces & Flails skill increases to level 4!
You have reached level 4!
You feel stronger. The gnoll closely misses you.
Things that are here:
a +0 club; a +0 flail; a gnoll corpse You thump the gnoll!
The gnoll is almost dead.
The gnoll hits you with a +0 flail!
* * * LOW HITPOINT WARNING * * *
The gnoll hits you with a +0 spear.
* * * LOW HITPOINT WARNING * * *
You barely miss the gnoll.
The gnoll is almost dead.
The gnoll hits you with a +0 flail.
* * * LOW HITPOINT WARNING * * *
You are too berserk!
You sock the gnoll!
You feel the power of Trog in you as your rage grows.
You kill the gnoll!
Trog accepts your kill.
You barely miss the gnoll. The gnoll misses you.
You hit the gnoll.
The gnoll is moderately wounded.
You are no longer berserk.
You are exhausted.
You feel yourself slow down. The gnoll hits you with a +0 flail.
* * * LOW HITPOINT WARNING * * *
You closely miss the gnoll.
The gnoll is moderately wounded.
The gnoll hits you with a +0 flail!
You die...

### ... .. ... ..## ....
### .<. ..... #####
####.# ..##.?$..
....###....# #........
..†.....##.# ###).......
....^#####.# #$.g##.....
....######.###..@.......
....##......?..####....#
....#..####....# ##.#
....# ......### ....#
###...# ....# #...##
#.### ..>... .####.. ###


You could see a gnoll.

Vanquished Creatures
  3 gnolls (D:2)
  An adder (D:1)
  A worm (D:2)
  4 ball pythons
  6 bats
  3 endoplasms (D:1)
  3 giant cockroaches
  5 goblins
  2 hobgoblins (D:1)
  A frilled lizard (D:1)
  4 kobolds
33 creatures vanquished.

Notes
Turn   | Place    | Note
-------+----------+-------------------------------------------
     0 | D:1      | ders the Gargoyle Berserker began the quest for the Orb.
     0 | D:1      | Reached XP level 1. HP: 14/14 MP: 1/1
   316 | D:1      | Reached XP level 2. HP: 19/19 MP: 2/2
  1359 | D:1      | Reached XP level 3. HP: 20/24 MP: 3/3
  1758 | D:2      | Reached ** piety under Trog
  1828 | D:2      | Reached XP level 4. HP: 18/30 MP: 4/4
  1834 | D:2      | HP: 1/30 [gnoll (3)]
  1835 | D:2      | Mangled by a gnoll

Illustrated notes

Levels and vault maps discovered:
D:1:      matt_arrival_spirals, layout_basic, serial_forest,
          infiniplex_forest_3_way, infiniplex_forest_straight_3,
          infiniplex_forest_lined_1, infiniplex_forest_clump_curved,
          infiniplex_forest_clump_double, chequers_decorated_corner,
          minmay_heptomino_d4
D:2:      layout_rooms, basic_altar, uniq_crazy_yiuf_cottage

Skill      XL: |  1  2  3 |
---------------+----------+-----
Fighting       | 4 |  4.5
Maces & Flails | 4 |  4.1
Armour         | |  2.1
Dodging        | |  1.5
Stealth        | |  0.1

Action                   |  1- 3 |  4- 6 || total
-------------------------+-------+-------++-------
Melee: Mace              |    81 |     6 ||    87
Invok: Berserk           |     2 |       ||     2
Armor: Animal skin       |    63 |       ||    63
Dodge: Dodged            |    80 |     2 ||    82
